 Dungeon Crawl Stone Soup version 0.30-a0-465-g8901f6c8b5 (webtiles) character file.

Game seed: 4426666031924338985

88 demibob the Poker (level 4, -2/29 (33) HPs)
             Began as a Demonspawn Gladiator on Dec 18, 2022.
             Was an Initiate of Trog.
             Slain by a river rat (4 damage)
             ... summoned by Eustachio
             ... on level 4 of the Dungeon.
             The game lasted 00:03:53 (2900 turns).

demibob the Poker (Demonspawn Gladiator)            Turns: 2900, Time: 00:03:55

HP:   -2/29 (33)    AC:  4    Str: 15    XL:     4   Next: 29%
MP:   4/4           EV: 14    Int:  9    God:    Trog [......]
Gold: 170           SH:  0    Dex: 16    Spells: 3/3 levels left

rFire   . . .      SeeInvis .    a - +0 trident
rCold   . . .      Faith    .    (no shield)
rNeg    . . .      Spirit   .    b - +0 leather armour
rPois   .          Reflect  .    c - +0 helmet
rElec   .          Harm     .    (no cloak)
rCorr   .          Rampage  .    (no gloves)
Will    .....                    (no boots)
Stlth   +.........               (no amulet)
HPRegen 0.24/turn                (no ring)
MPRegen 0.09/turn                (no ring)

@: heavily drained
A: hooves 1, repulsion field 1, powered by pain 1
a: Renounce Religion


You were on level 4 of the Dungeon.
You worshipped Trog.
Trog was noncommittal.
You visited 1 branch of the dungeon, and saw 4 of its levels.

You collected 170 gold pieces.


Innate Abilities, Weirdness & Mutations

You have large cloven feet.
You are surrounded by a mild repulsion field. (EV +2)
You sometimes gain a little power by taking damage.


   Skills:
 - Level 2.0 Fighting
 + Level 4.7 Polearms
 - Level 1.7 Throwing
 - Level 2.6 Dodging


You had 3 spell levels left.
You didn't know any spells.
Your spell library was empty.

Inventory:

Hand Weapons
 a - a +0 trident (weapon)
Missiles
 d - 3 throwing nets (quivered) {=f}
 e - a javelin
Armour
 b - a +0 leather armour (worn)
 c - a +0 helmet (worn)
Jewellery
 N - a ring of positive energy
Wands
 s - a wand of charming (7)
Scrolls
 f - a scroll of vulnerability {unknown}
 n - 3 scrolls of teleportation {@r2}
Potions
 g - a potion of attraction
 h - 2 potions of curing {@q1}
 i - a potion of resistance {unknown}
 k - a potion of haste {@q3}
 m - a potion of invisibility
 o - a potion of brilliance
 p - a potion of magic {unknown}

Dungeon Overview and Level Annotations

Branches:
Dungeon (4/15)
 Temple: D:4-7

Altars:
Qazlal
Trog
Vehumet
Xom

Annotations:
D:3 3 runed translucent doors, porpoise's ghost, novice HOMo
D:4 Eustachio

#..........
#.........#
#.........#
#.........#
#.........#
#.....5b..#
#....b5r5.#
#@######### ####
#@......... ....
#..###############
#..#..........#
####..#.▒▒▒▒▒▒▒▒▒▒
#.....#.▒
#.##....▒
#.######▒ #.#


You could see Eustachio, 2 iron imps, a river rat (summoned), an ufetubus
(summoned) and 2 bats.


Message History

The river rat bites you but does no damage.
You hit Eustachio.
Eustachio is lightly wounded.
You feel less wooden.
Your +0 helmet unmelds from your body.
Your +0 leather armour unmelds from your body.
The bat barely misses you. The ufetubus misses you.
The ufetubus hits you but does no damage.
Eustachio zaps a wand.
The puff of flame misses you.
The puff of flame misses the river rat.
The puff of flame hits the iron imp.
The iron imp completely resists.
The river rat misses you.
You barely miss Eustachio.
Eustachio is lightly wounded.
Eustachio zaps a wand.
The puff of flame hits you. The river rat bites you!
* * * LOW HITPOINT WARNING * * *
You hit Eustachio. You kick Eustachio, but do no damage.
Eustachio is moderately wounded.
The iron imp hits you but does no damage.
Eustachio hits you with a +1 rapier of draining!
* * * LOW HITPOINT WARNING * * *
You feel drained.
* * * LOW HITPOINT WARNING * * *
The river rat misses you.
You feel better. The iron imp barely misses you. x2
Eustachio hits you with a +1 rapier of draining.
* * * LOW HITPOINT WARNING * * *
You feel drained.
* * * LOW HITPOINT WARNING * * *
The river rat bites you.
You die...

Skill      XL: |  1  2  3 |
---------------+----------+-----
Polearms       | 3 4 |  4.7
Fighting       | |  2.0
Throwing       | |  1.7
Dodging        | |  2.6

Action                   |  1- 3 |  4- 6 || total
-------------------------+-------+-------++-------
Melee: Trident           |   110 |    53 ||   163
       Kick              |     6 |     5 ||    11
       Punch             |       |     1 ||     1
  Use: Scroll            |       |     9 ||     9
       Potion            |       |     2 ||     2
 Stab: Sleeping          |     3 |       ||     3
       Distracted        |     1 |       ||     1
Armor: Leather armour    |    19 |    10 ||    29
       Skin              |       |    85 ||    85
Dodge: Dodged            |    43 |    22 ||    65

Levels and vault maps discovered:
D:1:      amcnicky_arrival_underground_garden, layout_basic
D:2:      wad_lake_hut, layout_basic
D:3:      cheibrodos_old_hovel, layout_basic, nicolae_vehumet_radiance,
          trog_wizard, minitemple, ebering_ghost_rock_garden
D:4:      layout_basic, lemuel_mausoleum_altar_kikubaaqudgha, serial_shops,
          nicolae_stop_n_shop_2, nicolae_shop_crystal,
          nicolae_shop_advertising_works [nicolae_subvault_shop_adworks],
          uniq_eustachio, uniq_ijyb

Notes
Turn   | Place    | Note
-------+----------+-------------------------------------------
     0 | D:1      | demibob the Demonspawn Gladiator began the quest for the
                  | Orb.
     0 | D:1      | Reached XP level 1. HP: 16/16 MP: 1/1
    91 | D:1      | Reached skill level 3 in Polearms
   137 | D:1      | Gained mutation: You sometimes gain a little power by
                  | taking damage. [demonic ancestry]
   137 | D:1      | Reached XP level 2. HP: 14/22 MP: 2/2
   429 | D:1      | Gained mutation: You have large cloven feet. [demonic
                  | ancestry]
   429 | D:1      | Reached XP level 3. HP: 27/27 MP: 3/3
   651 | D:1      | Reached skill level 4 in Polearms
  1514 | D:3      | Found a bloodstained altar of Trog.
  1517 | D:3      | Noticed a wizard
  1523 | D:3      | Killed a wizard
  1606 | D:3      | Found a radiant altar of Vehumet.
  1631 | D:3      | Gained mutation: You are surrounded by a mild repulsion
                  | field. (EV +2) [demonic ancestry]
  1631 | D:3      | Reached XP level 4. HP: 30/33 MP: 4/4
  1650 | D:3      | Found a runed translucent gate.
  1650 | D:3      | Found a runed translucent gate.
  1650 | D:3      | Found a runed translucent gate.
  1653 | D:3      | Noticed porpoise's ghost (novice HOMo)
  2000 | D:3      | Became a worshipper of Trog the Wrathful
  2302 | D:3      | Found a stormy altar of Qazlal.
  2312 | D:3      | Found a shimmering altar of Xom.
  2868 | D:4      | Noticed Eustachio
  2899 | D:4      | HP: 1/31 [Eustachio/+1 rapier of draining (3)]
  2900 | D:4      | Slain by a river rat

Vanquished Creatures
  3 adders
  4 dart slugs (D:1)
  An orc (D:4)
  6 endoplasms
  3 giant cockroaches
  2 goblins
  8 hobgoblins
  3 kobolds
  2 quokkas
  6 ball pythons
  3 bats
  3 frilled lizards
  5 rats
49 creatures vanquished.

Vanquished Creatures (others)
  A wizard (D:3)
1 creature vanquished.

Grand Total: 50 creatures vanquished

Table legend: (Time is in decaauts)
 A = Elapsed time spent in this place.
 B = Non-inter-level travel time spent in this place.
 C = Inter-level travel time spent in this place.
 D = Time resting spent in this place.
 E = Time spent auto-exploring this place.
 F = Levels seen in this place.
 G = Mean time per level.
                   A        B        C        D        E       F      G
               +--------+--------+--------+--------+--------+-----+--------+
         Total |   2943 |   2873 |     70 |     56 |   2404 |   4 |  735.8 |
       Dungeon |   2943 |   2873 |     70 |     56 |   2404 |   4 |  735.8 |
               +--------+--------+--------+--------+--------+-----+--------+

Top non-repeatable levels by time:
     D:3: 1214 daAuts
     D:1: 813 daAuts
     D:2: 727 daAuts
     D:4: 188 daAuts

Table legend:
 A = Non-vault XP
 B = Vault XP
 C = Vault XP percentage of total XP
 D = Non-vault monster count
 E = Vault monster count
 F = Vault count percentage of total count
                 A         B        C        D         E       F
            +---------+---------+-------+---------+---------+-------
      Total |     125 |       1 |   0.8 |      48 |       1 |   2.0
            +---------+---------+-------+---------+---------+-------
        D:1 |      54 |       0 |   0.0 |      28 |       0 |   0.0
        D:2 |      36 |       0 |   0.0 |       8 |       0 |   0.0
        D:3 |      18 |       1 |   5.3 |      10 |       1 |   9.1
        D:4 |      17 |       0 |   0.0 |       2 |       0 |   0.0
            +---------+---------+-------+---------+---------+-------
